 Dungeon Crawl Stone Soup version 0.21.1-1-g345015f (webtiles) character file.

26 shakethe the Grave Robber (level 2, 0/21 HPs)
             Began as a Demonspawn Necromancer on Feb 19, 2018.
             Slain by Terence
             ... wielding a +0 hand axe
              (2 damage)
             ... on level 2 of the Dungeon.
             The game lasted 00:03:39 (1886 turns).

shakethe the Grave Robber (Demonspawn Necromancer)  Turns: 1886, Time: 00:03:39

Health: 0/21       AC:  2    Str:  8    XL:     2   Next: 89%
Magic:  0/5        EV: 12    Int: 16    God:
Gold:   58         SH:  0    Dex: 13    Spells: 5/6 levels left

rFire    . . .     SeeInvis .   i - -1 dagger (curse)
rCold    . . .     Gourm    .   (no shield)
rNeg     . . .     Faith    .   a - +0 robe
rPois    .         Spirit   .   (no helmet)
rElec    .         Reflect  .   (no cloak)
rCorr    .         Harm     .   (no gloves)
MR       .....                  (no boots)
Stlth    ++........             (no amulet)
HPRegen  0.07/turn              (no ring)
MPRegen  0.09/turn              (no ring)

@: no status effects
A: rot immunity
a: no special abilities


You were on level 2 of the Dungeon.
You were very hungry.

You visited 1 branch of the dungeon, and saw 2 of its levels.

You collected 58 gold pieces.

Inventory:

Hand Weapons
 i - a cursed -1 dagger (weapon)
   (You took it off a kobold on level 1 of the Dungeon)
Missiles
 k - 59 stones (quivered)
Armour
 a - a +0 robe (worn)
Scrolls
 d - 2 scrolls of remove curse {unknown}
 g - a scroll of teleportation {unknown}
 h - 2 scrolls of identify {unknown}
 n - a scroll of fog {unknown}
Potions
 e - a potion of flight {unknown}
 f - a potion of curing {unknown}
 j - 2 potions of ambrosia {unknown}
 l - a potion of haste {unknown}
Books
 b - a book of Necromancy
Comestibles
 c - 3 rations


   Skills:
 + Level 1.3 Fighting
 - Level 1.7 Dodging
 - Level 1.7 Stealth
 + Level 2.5 Spellcasting
 + Level 4.7 Necromancy


You had 5 spell levels left.
You knew the following spells:

 Your Spells              Type           Power        Failure   Level  Hunger
a - Pain                  Necr           ###.         2%          1    #......


Dungeon Overview and Level Annotations

Branches:
Dungeon (2/15)

Altars:

Annotations:
D:2 Terence


Innate Abilities, Weirdness & Mutations

You are immune to rotting.


Message History

c - 3 rations (gained 1)
A kobold comes into view. It is wielding a short sword.
A kobold is nearby!
You enter a teleport trap!
The teleport trap disappears.
Your surroundings suddenly seem different.
A kobold comes into view. It is wielding a short sword.
The kobold shouts!
The kobold throws a stone.
The stone hits you but does no damage.
You see here a stone.
A bat comes into view.
The kobold throws a stone.
The stone hits you but does no damage.
You see here a stone.
The bat misses you.
The kobold throws a stone.
The stone hits you.
You see here a stone.
You take 3 damage, and have 18/21 hp.
Aim: a bat (chance to defeat MR: 87%)
The bat writhes in agony!
You kill the bat!
Terence the Incautious comes into view.
He is wielding a hand axe.
You take 1 damage, and have 17/21 hp.
You now have 4/5 mp.
You see here a stone.
k - 57 stones (gained 1) Terence shouts!
You hear a shout!
Terence says, "Don't bother to defend, it's senseless."
The kobold throws a stone.
The stone barely misses you.
You see here 2 stones.
k - 59 stones (gained 2)
There are no items here.
Aim: a kobold, wielding a short sword (chance to defeat MR: 87%)
The kobold barely resists.
You take 1 damage, and have 17/21 hp.
You now have 3/5 mp.
Aim: a kobold, wielding a short sword (chance to defeat MR: 87%)
The kobold writhes in agony!
You kill the kobold!
You take 1 damage, and have 16/21 hp.
You now have 2/5 mp.
Okay, then.
A bat comes into view.
Terence hits you with a hand axe.
You take 6 damage, and have 10/21 hp.
MASSIVE DAMAGE!!
The bat misses you. The bat hits you but does no damage. The bat misses you.
The bat closely misses you. The bat barely misses you.
The bat hits you but does no damage. The bat closely misses you.
The bat barely misses you. The bat barely misses you.
The bat closely misses you. The bat closely misses you.
The bat barely misses you. The bat hits you. The bat closely misses you.
You take 1 damage, and have 10/21 hp.
The bat barely misses you. The bat misses you. The bat hits you.
The bat hits you but does no damage.
Things that are here:
a dagger; a kobold skeleton The bat hits you but does no damage.
The bat misses you. The bat hits you but does no damage.
There is a stone staircase leading up here.
MP restored: 5 The bat hits you but does no damage.
You climb upwards.
There is a stone staircase leading down here.
You start resting.
You are feeling very hungry.
You regained 4 hp, and now have 14/21 hp.
You start resting.
Health restored: 21
There is an escape hatch in the floor here.
There is a stone staircase leading down here.
You climb downwards.
Level annotation: Terence Terence hits you with a hand axe. x2
There is a stone staircase leading up, spattered with blood here.
You take 9 damage, and have 12/21 hp.
MASSIVE DAMAGE!!
Aim: Terence, wielding a hand axe and wearing a shiny chain mail (chance to defeat MR: 82%) Terence writhes in agony!
Terence hits you with a hand axe!
* * * LOW HITPOINT WARNING * * *
Aim: Terence, wielding a hand axe and wearing a shiny chain mail (moderately wounded, chance to defeat MR: 82%) Terence writhes in agony!
The bat barely misses you.
You take 10 damage, and have 2/21 hp.
MASSIVE DAMAGE!!
You now have 3/5 mp.
Sorry, you're not good enough to have a special ability.
Aim: Terence, wielding a hand axe and wearing a shiny chain mail (moderately wounded, chance to defeat MR: 82%) Terence barely resists.
The bat completely misses you. Terence barely misses you.
Aim: Terence, wielding a hand axe and wearing a shiny chain mail (moderately wounded, chance to defeat MR: 82%) Terence writhes in agony!
The bat hits you but does no damage. Terence barely misses you.
You take 1 damage, and have 1/21 hp.
You now have 1/5 mp.
Sorry, you're not good enough to have a special ability.
Aim: Terence, wielding a hand axe and wearing a shiny chain mail (heavily wounded, chance to defeat MR: 82%) Terence barely resists.
The bat hits you but does no damage. Terence hits you with a hand axe.
You die...

#....# #.##.# .#
#....#.#....#..#
#....#.#..###..## #
#...........
#.#.#..#)...#.
#.###..#.##.#
####.....).....#.
.........@b......
..###.#..@#.####.
#.#.#.#.####.####
#............##..
###
###.#.#.#######.#>..
#.#.#.........#.#.#.
#.#.#...####........
#.#.#...# #..#.#...
#.#.....# #..# #
#.###.#.####..#


You could see Terence and a bat.

Vanquished Creatures
  A worm (D:1)
  A dart slug (D:1)
  A leopard gecko (D:2)
  2 bats
  A giant cockroach (D:1)
  4 goblins (D:1)
  A hobgoblin (D:1)
  3 ball pythons
  5 kobolds
  4 rats (D:1)
23 creatures vanquished.

Notes
Turn   | Place    | Note
-------+----------+-------------------------------------------
     0 | D:1      | shakethe the Demonspawn Necromancer began the quest for the Orb.
     0 | D:1      | Reached XP level 1. HP: 13/13 MP: 3/3
   669 | D:1      | Gained mutation: You are immune to rotting. [demonic ancestry]
   669 | D:1      | Reached XP level 2. HP: 17/20 MP: 3/5
   908 | D:1      | Reached skill level 1 in Fighting
  1687 | D:2      | Noticed Terence
  1882 | D:2      | HP: 3/21 [Terence/hand axe (8)]
  1886 | D:2      | Slain by Terence

Skill      XL: |  1  2 |
---------------+-------+-----
Fighting       | 1 |  1.3
Dodging        | |  1.7
Stealth        | |  1.7
Spellcasting   | |  2.5
Necromancy     | |  4.7

Action                   || total
-------------------------++-------
Melee: Dagger            ||     6
       Unarmed           ||     1
 Cast: Pain              ||    46
 Stab: Sleeping          ||     1
  Eat: Chunk             ||     2
Armor: Robe              ||    12
Dodge: Dodged            ||    33

Vault maps used:
D:1:      kennysheep_arrival_forest, minmay_cupped
D:2:      gammafunk_temple_overflow_wave, first_ration, uniq_terence

Table legend:
 A = Turns spent in this place as a percentage of turns spent in the entire game.
 B = Non-inter-level travel turns spent in this place as a percentage of non-inter-level travel turns spent in the entire game.
 C = Inter-level travel turns spent in this place as a percentage of turns spent in this place.
 D = Turns resting spent in this place as a percentage of non-inter-level travel turns spent in this place.
 E = Turns spent auto-exploring this place as a percentage of non-inter-level travel turns spent in this place.
 F = Non-inter-level travel turns spent in this place divided by the number of levels of this place that you've seen.
                   A       B       C       D       E      F
               +-------+-------+-------+-------+-------+----------------------
         Total | 100.0 | 100.0 |   4.7 |  44.6 |  29.7 | 898.5
       Dungeon | 100.0 | 100.0 |   4.7 |  44.6 |  29.7 | 898.5
               +-------+-------+-------+-------+-------+----------------------

Table legend:
 A = Kills in this place as a percentage of kills in entire the game.
 B = Kills by you in this place as a percentage of kills by you in the entire game.
 C = Kills by friends in this place as a percentage of kills by friends in the entire game.
 D = Other kills in this place as a percentage of other kills in the entire game.
 E = Experience gained in this place as a percentage of experience gained in the entire game.
 F = Experience gained in this place divided by the number of levels of this place that you have seen.
                   A       B       C       D       E      F
               +-------+-------+-------+-------+-------+----------------------
         Total | 100.0 | 100.0 |   N/A |   N/A | 100.0 |  19.0
       Dungeon | 100.0 | 100.0 |   N/A |   N/A | 100.0 |  19.0
               +-------+-------+-------+-------+-------+----------------------
